 Dungeon Crawl Stone Soup version 0.29-a0-90-gc37658a0fe (webtiles) character file.

Game seed: 11107675134667719059

5638 siradein the Fighter (level 10, -1/86 (88) HPs)
             Began as a Black Draconian Fighter on Feb 7, 2022.
             Was a Believer of Makhleb.
             Slain by a troll (10 damage)
             ... on level 9 of the Dungeon.
             The game lasted 00:34:07 (8091 turns).

siradein the Fighter (Black Draconian Fighter)      Turns: 8091, Time: 00:34:08

HP:   -1/86 (88)    AC: 10    Str: 18    XL:     10   Next: 46%
MP:   14/14         EV: 15    Int:  8    God:    Makhleb [**....]
Gold: 487           SH:  6    Dex: 16    Spells: 9/9 levels left

rFire   . . .      SeeInvis .   A - +0 demon blade (vamp)
rCold   . . .      Faith    .   b - +0 buckler
rNeg    . . .      Spirit   .   (armour unavailable)
rPois   .          Reflect  .   m - +2 hat
rElec   +          Harm     .   (no cloak)
rCorr   .          Rampage  .   (no gloves)
Will    .....                   k - +0 pair of boots
Stlth   +.........              i - amulet of regeneration
HPRegen 1.04/turn               (no ring)
MPRegen 0.14/turn               (no ring)

@: studying Crossbows, lightly drained
A: breathe lightning, AC +7, unfitting armour, electricity resistance,
cold-blooded
a: Breathe Lightning, Renounce Religion, Minor Destruction


You were on level 9 of the Dungeon.
You worshipped Makhleb.
Makhleb was pleased with you.
You visited 2 branches of the dungeon, and saw 10 of its levels.

You collected 487 gold pieces.

Inventory:

Hand Weapons
 A - a +0 vampiric demon blade (weapon)
Missiles
 p - 19 poisoned darts
Armour
 b - a +0 buckler (worn)
 k - a +0 pair of boots (worn)
 m - a +2 hat (worn)
Jewellery
 e - a ring of wizardry
 i - an amulet of regeneration (around neck)
Wands
 r - a wand of acid (17)
 t - a wand of paralysis (8)
 x - a wand of flame (35)
 C - a wand of polymorph (9)
Scrolls
 f - a scroll of teleportation
 n - a scroll of blinking
 q - 3 scrolls of immolation
 s - a scroll of enchant weapon {unknown}
 w - a scroll of silence
 y - a scroll of enchant armour {unknown}
 z - 2 scrolls of amnesia {unknown}
 B - a scroll of summoning {unknown}
 D - a scroll of noise {unknown}
 F - a scroll of fear {unknown}
Potions
 a - 2 potions of berserk rage {unknown}
 c - a potion of might
 d - 2 potions of mutation {unknown}
 g - 2 potions of flight {unknown}
 h - 4 potions of heal wounds {unknown}
 j - a potion of brilliance {unknown}
 l - 3 potions of lignification {unknown}
 o - 3 potions of haste {unknown}
 u - a potion of attraction {unknown}
 v - a potion of cancellation {unknown}
 E - a potion of curing


   Skills:
 + Level 8.1 Fighting
 + Level 3.6 Long Blades
 - Level 5.7 Maces & Flails
 + Level 6.9 Dodging
 + Level 7.5 Shields
 + Level 5.6 Invocations
 + Level 5.6 Evocations


You had 9 spell levels left.
You didn't know any spells.
Your spell library contained the following spells:

 Spells                   Type           Power      Damage    Failure   Level
 Animate Skeleton         Necr           0%         N/A       47%         1
 Apportation              Tloc           0%         N/A       47%         1
 Slow                     Hex            0%         N/A       47%         1
 Summon Small Mammal      Summ           0%         N/A       47%         1
 Blink                    Tloc           0%         N/A       63%         2
 Call Canine Familiar     Summ           0%         N/A       85%         3
 Confusing Touch          Hex            0%         N/A       85%         3
 Summon Guardian Golem    Hex/Summ       0%         N/A       85%         3
 Vampiric Draining        Necr           0%         2d6       85%         3
 Leda's Liquefaction      Hex/Erth       0%         N/A       99%         4
 Lee's Rapid Deconstruct  Erth           0%         3d5*      100%        5
 Manifold Assault         Tloc           0%         N/A       100%        5
 Statue Form              Tmut/Erth      0%         N/A       100%        6
 Storm Form               Tmut/Air       0%         N/A       100%        7


Dungeon Overview and Level Annotations

Branches:
Dungeon (9/15)             Temple (1/1) D:5            Lair (0/6) D:9
    Orc: D:9-12

Altars:
Ashenzari
Cheibriados
Dithmenos
Elyvilon
Gozag
Hepliaklqana
Kikubaaqudgha
Makhleb
Nemelex Xobeh
Okawaru
Qazlal
Ru
Sif Muna
Trog
Uskayaw
Vehumet
Wu Jian
Xom
Yredelemnul
Zin
The Shining One

Annotations:
D:3 2 transporters, riojii's ghost, amateur OpTm
D:9 4 runed translucent doors


Innate Abilities, Weirdness & Mutations

You can breathe wild blasts of lightning.
Your glossy black scales are hard. (AC +7)
You cannot fit into any form of body armour.
You are resistant to electric shocks. (rElec)
You are cold-blooded and may be slowed by cold attacks.


Message History

The komodo dragon hisses angrily.
The wyvern bites you but does no damage.
A troll comes into view.
The troll shouts!
The wyvern barely misses you. The swamp drake breathes poison at you.
The noxious blast engulfs the wyvern but does no damage.
The wyvern is engulfed in noxious fumes.
The wyvern appears confused.
The wyvern is engulfed in noxious fumes.
The wyvern appears confused.
You block the wyvern's attack.
The basilisk is engulfed in noxious fumes.
The basilisk gazes at you. You resist with some effort.
You are engulfed in noxious fumes.
You choke on the stench!
You are confused.
The wyvern is engulfed in noxious fumes.
The wyvern appears confused.
The wyvern bites the wyvern.
The wyvern is engulfed in noxious fumes.
The wyvern appears confused.
The basilisk is engulfed in noxious fumes.
The basilisk appears confused.
The wyvern is engulfed in noxious fumes. x2
The wyvern appears confused.
The wyvern bites the basilisk.
The wyvern completely misses itself.
You bump into the rock wall.
You are engulfed in noxious fumes.
The wyvern is engulfed in noxious fumes.
The wyvern appears confused.
The basilisk is engulfed in noxious fumes.
The basilisk misses you. The troll barely misses you. x2
The troll claws you but does no damage.
You closely miss the troll. You tail-slap the troll.
The troll is lightly wounded.
You feel less confused.
Something closely misses the wight.
The wyvern bites the troll.
The basilisk bites you!
* * * LOW HITPOINT WARNING * * *
The wyvern barely misses the basilisk.
You block the troll's attack. x2
The troll claws you!
You die...

# #### ## #.#
#..#### >##
....###@#○○# .#.#
#.....Tlz#.####.!.#
###....lzzl..#...###
#.#####l...........
# #..#..........
#..l.##.....#.
#..### ######..# .
## # #########


You could see 2 komodo dragons, a troll, a basilisk (confused), a wyvern
(confused) and 3 wights.

Vanquished Creatures
  2 two-headed ogres (D:8)
  Maggie (D:7)
  Prince Ribbit (D:7)
  Grum (D:7)
  2 steam dragons
  A water moccasin (D:7)
  2 ice beasts
  2 orc warriors
  2 hornet zombies
  A sky beast (D:6)
  2 necrophages (D:7)
  3 ogres
  3 wolves
  3 centaurs
  4 kobold brigands
  A bullfrog (D:8)
  3 scorpions
  2 wyvern zombies
  2 wights (D:7)
  A howler monkey (D:6)
  A bullfrog zombie (D:5)
  2 centaur zombies (D:7)
  6 hounds
  4 orc priests
  3 centaur skeletons
  3 gnoll shamans
  3 bullfrog skeletons (D:5)
  An orc wizard (D:6)
  4 iguanas
  A hound skeleton (D:5)
  3 howler monkey zombies
  13 gnolls
  9 adders
  A shadow imp (D:5)
  2 white imps
  An ufetubus (D:5)
  A worm (D:2)
  6 dart slugs
  The ghost of elisander the Sneak, a weakling SpDe (D:5)
  29 orcs
  3 ball pythons
  A bat (D:2)
  6 endoplasms
  A giant cockroach (D:2)
  7 goblins
  8 hobgoblins
  2 jackals (D:4)
  5 quokkas
  A frilled lizard (D:1)
  24 kobolds
  3 rats
194 creatures vanquished.

Vanquished Creatures (others)
  An orc (D:7)
1 creature vanquished.

Grand Total: 195 creatures vanquished

Notes
Turn   | Place    | Note
-------+----------+-------------------------------------------
     0 | D:1      | siradein the Draconian Fighter began the quest for the Orb.
     0 | D:1      | Reached XP level 1. HP: 19/19 MP: 1/1
   267 | D:1      | Reached XP level 2. HP: 26/26 MP: 2/2
  1063 | D:2      | Reached XP level 3. HP: 32/33 MP: 3/3
  1203 | D:2      | Noticed an ogre
  1995 | D:2      | Reached XP level 4. HP: 40/40 MP: 4/4
  2052 | D:2      | Killed an ogre
  2053 | D:2      | Reached skill level 4 in Fighting
  2053 | D:2      | Reached XP level 5. HP: 21/46 MP: 5/5
  2317 | D:3      | Found a transporter.
  2318 | D:3      | Found a transporter.
  2318 | D:3      | Noticed riojii's ghost (amateur OpTm)
  2508 | D:3      | Found a hide-covered altar of Uskayaw.
  2537 | D:3      | Found a shadowy altar of Dithmenos.
  2873 | D:4      | Noticed an ogre
  2939 | D:4      | Killed an ogre
  2940 | D:4      | Reached XP level 6. HP: 37/55 MP: 6/6
  3571 | D:5      | Entered Level 5 of the Dungeon
  3632 | D:5      | Reached skill level 5 in Fighting
  3632 | D:5      | Reached skill level 1 in Evocations
  3694 | D:5      | Your scales start taking on a glossy black colour.
  3694 | D:5      | Reached XP level 7. HP: 61/61 MP: 7/7
  3694 | D:5      | Gained mutation: You are resistant to electric shocks.
                  | (rElec) [Black Draconian growth]
  3735 | D:5      | Found a runed translucent gate.
  3735 | D:5      | Found a runed translucent gate.
  3736 | D:5      | Found a runed translucent gate.
  3763 | D:5      | Noticed elisander's ghost (weakling SpDe)
  3784 | D:5      | Killed elisander's ghost
  3893 | D:5      | Reached skill level 5 in Shields
  4169 | D:5      | Found a staircase to the Ecumenical Temple.
  4328 | D:5      | Found a broken altar of Ashenzari.
  4347 | Temple   | Entered the Ecumenical Temple
  4387 | Temple   | Became a worshipper of Makhleb the Destroyer
  4429 | D:5      | Reached XP level 8. HP: 70/70 MP: 8/8
  4459 | D:5      | Reached skill level 1 in Invocations
  4721 | D:6      | Reached skill level 6 in Fighting
  4748 | D:6      | Reached skill level 5 in Dodging
  4862 | D:6      | Reached skill level 5 in Maces & Flails
  5693 | D:7      | Noticed Maggie
  5714 | D:7      | Killed Maggie
  5715 | D:7      | Reached XP level 9. HP: 37/78 MP: 11/11
  5895 | D:7      | Noticed Prince Ribbit
  5903 | D:7      | Killed Prince Ribbit
  6037 | D:7      | Reached * piety under Makhleb
  6062 | D:7      | Reached skill level 7 in Fighting
  6076 | D:7      | Reached skill level 1 in Long Blades
  6466 | D:7      | Found a snail-covered altar of Cheibriados.
  6466 | D:7      | Found a glowing golden altar of the Shining One.
  6466 | D:7      | Found a basalt altar of Yredelemnul.
  6476 | D:7      | Found a shimmering blue altar of Sif Muna.
  6480 | D:7      | Found an ancient bone altar of Kikubaaqudgha.
  6834 | D:8      | Noticed Grum
  6874 | D:8      | Reached ** piety under Makhleb
  6918 | D:8      | Reached skill level 5 in Evocations
  6998 | D:7      | Reached XP level 10. HP: 40/88 MP: 13/13
  7171 | D:7      | Killed Grum
  7172 | D:7      | Reached skill level 5 in Invocations
  7376 | D:8      | Noticed a two-headed ogre
  7405 | D:8      | Killed a two-headed ogre
  7678 | D:9      | Noticed a two-headed ogre
  7896 | D:8      | Killed a two-headed ogre
  7897 | D:8      | Reached skill level 8 in Fighting
  7975 | D:9      | Noticed a deep elf pyromancer
  7975 | D:9      | Noticed a tengu warrior
  7976 | D:9      | Found a large runed translucent door.
  7976 | D:9      | Identified the +3 short sword "Kotitop" {vorpal, +Blink
                  | Will+ Str+3}
  7977 | D:9      | Found a large runed translucent door.
  7989 | D:9      | Found a large runed translucent door.
  7989 | D:9      | Found a large runed translucent door.
  8067 | D:9      | Found a bloodstained altar of Trog.
  8070 | D:9      | Found an opulent altar of Gozag.
  8070 | D:9      | Noticed a manticore
  8081 | D:9      | Found a staircase to the Lair.
  8091 | D:9      | Slain by a troll

Illustrated notes

Levels and vault maps discovered:
D:1:      evilmike_arrival_crescent, layout_loops_cross, minmay_misc_feat_plants
D:2:      layout_basic, nicolae_underground_beach
D:3:      layout_basic, mainiacjoe_overflow_two_lobes, gammafunk_ghost_arena,
          minmay_misc_feat_room, corexii_shack
D:4:      layout_loops_ring, kennysheep_big_empty_room
D:5:      layout_loops_ring, mainiacjoe_overflow_paths, temple_fountains,
          gammafunk_ghost_necromancy
D:6:      layout_gridville, hex_tiny, lemuel_flamethrower_2
D:7:      minmay_bubble_buster, layout_loops_ring,
          minmay_overflow_temple_star_hex, uniq_prince_ribbit1, uniq_maggie
D:8:      layout_rooms, uniq_grum
D:9:      layout_roguey, trog_book, erik_lair_dragon, serial_shops,
          nicolae_shop_statue_plus, hangedman_feature_mirror,
          hangedman_feature_mirror, minmay_hollow_rounded_squares
Temple:   minmay_temple_bridge_abc

Skill      XL: |  1  2  3  4  5  6  7  8  9 10 |
---------------+-------------------------------+-----
Dodging        | 3 4 5 6 |  6.9
Fighting       | 4 5 6 7 8 |  8.1
Maces & Flails | 3 4 5 |  5.7
Shields        | 4 5 6 7 |  7.5
Evocations     | 1 2 3 5 |  5.6
Invocations    | 3 4 5 |  5.6
Long Blades    | 2 3 |  3.6

Action                   |  1- 3 |  4- 6 |  7- 9 | 10-12 || total
-------------------------+-------+-------+-------+-------++-------
Melee: Flail             |   130 |   117 |   265 |       ||   512
       Tailslap          |     9 |    17 |    70 |    23 ||   119
       Demon blade       |       |       |   255 |    87 ||   342
Throw: Throwing net      |       |     3 |       |       ||     3
       Dart              |       |     4 |       |     6 ||    10
 Abil: Breathe Lightning |       |       |     4 |     1 ||     5
  Use: Scroll            |       |       |     5 |     2 ||     7
 Stab: Sleeping          |     2 |     1 |     2 |       ||     5
       Held in net/web   |       |     2 |       |       ||     2
Armor: Skin              |    35 |    21 |   164 |    21 ||   241
Dodge: Dodged            |    80 |    63 |   380 |    94 ||   617
Block: Buckler           |    25 |    23 |   179 |    33 ||   260

Table legend: (Time is in decaauts)
 A = Elapsed time spent in this place.
 B = Non-inter-level travel time spent in this place.
 C = Inter-level travel time spent in this place.
 D = Time resting spent in this place.
 E = Time spent auto-exploring this place.
 F = Levels seen in this place.
 G = Mean time per level.
                   A        B        C        D        E       F      G
               +--------+--------+--------+--------+--------+-----+--------+
         Total |   8311 |   8113 |    198 |    432 |   5077 |  10 |  831.1 |
       Dungeon |   8246 |   8048 |    198 |    432 |   5051 |   9 |  916.2 |
        Temple |     65 |     65 |      0 |      0 |     26 |   1 |   65.0 |
               +--------+--------+--------+--------+--------+-----+--------+

Top non-repeatable levels by time:
     D:7: 1417 daAuts
     D:2: 1130 daAuts
     D:5: 1079 daAuts
     D:1: 1030 daAuts
     D:6: 980 daAuts
     D:8: 947 daAuts
     D:3: 745 daAuts
     D:4: 738 daAuts
     D:9: 176 daAuts
  Temple: 65 daAuts
